 Dungeon Crawl Stone Soup version 0.18.1-8-gdd0e5ea (webtiles) character file.

63 santipi the Stinger (level 3, 0/27 HPs)
             Began as a Draconian Venom Mage on June 6, 2016.
             Slain by a kobold
             ... wielding a +0 short sword
              (3 damage)
             ... on level 2 of the Dungeon.
             The game lasted 00:07:28 (1298 turns).

santipi the Stinger (Draconian Venom Mage)          Turns: 1298, Time: 00:07:28

Health: 0/27       AC:  5    Str: 10    XL:     3   Next: 89%
Magic:  4/6        EV: 12    Int: 16    God:
Gold:   43         SH:  0    Dex: 11    Spells: 1 memorised, 5 levels left

rFire  . . .     SeeInvis .       - Unarmed
rCold  . . .     Gourm    .     (armour unavailable)
rNeg   . . .     Faith    .     (no shield)
rPois  .         Spirit   .     (helmet restricted)
rElec  .         Dismiss  .     (no cloak)
rCorr  .         Reflect  .     (no gloves)
SustAt .         Harm     .     (no boots)
MR     .....                    (no amulet)
Stlth  ++........               (no ring)
                                (no ring)

@: very slightly contaminated, invisible, not resistant to hostile enchantments,
unstealthy
A: unfitting armour, cold-blooded, AC +5
a: no special abilities


You were on level 2 of the Dungeon.
You were not hungry.

You visited 1 branch of the dungeon, and saw 2 of its levels.

You collected 43 gold pieces.

Inventory:

Scrolls
 g - 2 scrolls of teleportation {unknown}
 j - a scroll of enchant armour {unknown}
Potions
 e - a potion of invisibility
 f - a potion of might {unknown}
 h - a potion of brilliance {unknown}
 i - 2 potions of curing {unknown}
Books
 a - a Young Poisoner's Handbook

   Spells                             Type                      Level
   a - Sting                          Conjuration/Poison           1
   b - Cure Poison                    Poison                       2
   c - Mephitic Cloud                 Conjuration/Poison/Air       3
   d - Olgreb's Toxic Radiance        Poison                       4
   e - Venom Bolt                     Conjuration/Poison           5
Comestibles
 b - 2 bread rations
 d - 3 fruits


   Skills:
 + Level 0.4 Fighting
 + Level 2.7 Dodging
 + Level 2.2 Stealth
 + Level 1.0 Unarmed Combat
 + Level 2.0 Spellcasting
 + Level 0.6 Conjurations
 + Level 4.3 Poison Magic


You had 5 spell levels left.
You knew the following spells:

 Your Spells              Type           Power        Failure   Level  Hunger
a - Sting                 Conj/Pois      #...         10%         1    #......


Dungeon Overview and Level Annotations

Branches:
Dungeon (2/15)

Altars:


Innate Abilities, Weirdness & Mutations

Your plain brown scales are hard (AC +5).
Your body does not fit into most forms of armour.
You are cold-blooded and may be slowed by cold attacks.


Message History

Jessica gestures at you while chanting. Pain shoots through your body!
Ouch! That really hurt!
* * * LOW HITPOINT WARNING * * *
You barely miss the kobold.
Jessica casts a spell.
Jessica blinks!
The kobold hits you with a short sword.
* * * LOW HITPOINT WARNING * * *
Drink which item? (? for menu, Esc to quit)
It was a potion of invisibility.
You fade into invisibility!
The kobold closely misses you.
You are very lightly contaminated with residual magic.
The kobold misses you.
Jessica mumbles something strange.
You kill Jessica!
Your Unarmed Combat skill increases to level 1!
Found a stone staircase leading down.
The kobold hits you with a short sword.
You die...

#####........>#
.............#####
.######..........#
#.......<>.#
#(..w.)....#
#..........#
#####.###### ##K##
#.@.# #.#.# #. .#
.. .# #.# .. #. #>
.. .# #. .#


You could see a worm and a kobold.

Vanquished Creatures
  Jessica (D:2)
  3 dart slugs (D:1)
  2 giant geckos
  6 giant cockroaches (D:1)
  6 goblins (D:1)
  2 hobgoblins (D:1)
  3 bats (D:1)
  A kobold (D:1)
  2 rats (D:1)
  2 fungi (D:1)
28 creatures vanquished.

Notes
Turn   | Place    | Note
--------------------------------------------------------------
     0 | D:1      | santipi the Draconian Venom Mage began the quest for the Orb.
     0 | D:1      | Reached XP level 1. HP: 14/14 MP: 3/3
   187 | D:1      | Reached XP level 2. HP: 7/20 MP: 5/5
   634 | D:1      | Reached XP level 3. HP: 9/26 MP: 4/6
  1282 | D:2      | Noticed Jessica
  1296 | D:2      | Killed Jessica
  1296 | D:2      | Reached skill level 1 in Unarmed Combat
  1298 | D:2      | Slain by a kobold

Skill      XL: |  1  2  3 |
---------------+----------+-----
Stealth        | 2 |  2.2
Dodging        | 2 |  2.7
Unarmed Combat | 1 |  1.0
Fighting       | |  0.4
Spellcasting   | |  2.0
Conjurations   | |  0.6
Poison Magic   | |  4.3

Action                   || total
-------------------------++-------
Melee: Unarmed           ||   217
       Tailslap          ||    22
 Cast: Sting             ||    28
  Use: Potion            ||     1
 Stab: Sleeping          ||     2
  Eat: Chunk             ||     2
Armor: Skin              ||    69
Dodge: Dodged            ||   155
